 Dungeon Crawl Stone Soup version 0.19.1-1-g22dce08 (webtiles) character file.

448130 fatfloppyjuicyveiny the Swordmaster (level 25, -2/195 HPs)
             Began as a Formicid Fighter on Jan 13, 2017.
             Was a Follower of the Shining One.
             Slain by a golden dragon (28 damage)
             ... on level 5 of the Vaults.
             The game lasted 02:01:41 (59950 turns).

fatfloppyjuicyveiny the Swordmaster (FoFi)         Turns: 59950, Time: 02:01:41

Health: -2/195     AC: 63    Str: 31    XL:     25   Next: 43%
Magic:  0/29       EV:  8    Int: 16    God:    the Shining One [*.....]
Gold:   1928       SH: 24    Dex: 12    Spells: 0 memorised, 24 levels left

rFire  + + .     SeeInvis +     e - +2 triple sword (protect)
rCold  + . .     Gourm    .     R - +13 gold dragon scales of Happy Babbling {rPois rF+ rC+ rN++}
rNeg   + + .     Faith    .     A - +1 large shield {AC+3}
rPois  +         Spirit   +     (helmet unavailable)
rElec  .         Reflect  .     c - +2 cloak {MR+}
rCorr  .         Harm     .     Z - +0 pair of gloves "Doneukluyt" {+Blink Regen+}
MR     +++..                    S - +1 pair of boots
Stlth  ..........               t - amulet of guardian spirit
                                E - +6 ring of protection
                                L - ring of the Cicada {rPois rF+ Int+6 SInv}

@: protection aura, glowing, studying Evocations, drained
A: permanent stasis, dig shafts and tunnels, four strong arms, antennae 3,
yellow scales 1, agile 1, MP-powered wands
a: Dig, Shaft Self, Renounce Religion
}: 2/15 runes: decaying, gossamer


You were on level 5 of the Vaults.
You worshipped the Shining One.
The Shining One was aware of your devotion.
You were not hungry.

You visited 10 branches of the dungeon, and saw 42 of its levels.
You visited the Abyss 1 time.
You also visited: Labyrinth, Trove, Volcano and Wizlab.

You collected 23649 gold pieces.
You spent 7523 gold pieces at shops.
You paid 14198 gold pieces to Gozag.

Inventory:

Hand Weapons
 e - a +2 triple sword of protection (weapon)
 q - a +2 great sword of holy wrath
 r - a +1 great sword of freezing
 w - a +2 great sword of flaming
Armour
 c - a +2 cloak of magic resistance (worn)
 A - a +1 large shield of protection (worn)
 R - the +13 gold dragon scales of Happy Babbling (worn) {rPois rF+ rC+ rN++}
   (You bought it in a shop on level 10 of the Dungeon)

   It protects you from fire.
   It protects you from cold.
   It protects you from poison.
   It greatly protects you from negative energy.
 S - a +1 pair of boots (worn)
 Z - the +0 pair of gloves "Doneukluyt" (worn) {+Blink Regen+}
   (You found it in a treasure trove)

   It lets you blink.
   It increases your rate of regeneration.
Rods
 o - a +6 rod of inaccuracy (12/12)
   (You took it off a minotaur in a labyrinth)
Jewellery
 t - an amulet of guardian spirit (around neck)
 z - an uncursed ring of protection from cold
 C - an uncursed ring of fire
 E - a +6 ring of protection (right hand)
 H - the ring "Gamakh" {-Tele rF+ rC+ Int+3}
   (You found it in a treasure trove)

   [ring of intelligence]

   It affects your intelligence (+3).
   It protects you from fire.
   It protects you from cold.
   It prevents most forms of teleportation.
 L - the ring of the Cicada (left hand) {rPois rF+ Int+6 SInv}
   (You found it on level 1 of the Spider Nest)

   [ring of intelligence]

   It affects your intelligence (+6).
   It protects you from fire.
   It protects you from poison.
   It lets you see invisible.
 W - an uncursed ring of protection from cold
Wands
 f - a wand of paralysis (11/24)
 l - a wand of lightning (4/15)
 y - a wand of disintegration (10/24)
 K - a wand of teleportation (0/9)
 N - a wand of heal wounds (2/9)
 P - a wand of iceblast (1/15)
 T - a wand of iceblast (1/15)
Scrolls
 m - 19 scrolls of remove curse
 n - 5 scrolls of fear
 p - 9 scrolls of identify
 s - 3 scrolls of enchant weapon
 u - 2 scrolls of noise
 G - 3 scrolls of magic mapping
 J - 7 scrolls of immolation
 M - 3 scrolls of amnesia
 O - 3 scrolls of enchant armour
 Q - 2 scrolls of silence
 U - 4 scrolls of fog
Potions
 a - 4 potions of resistance
 d - a potion of might
 i - 4 potions of cure mutation
 k - 6 potions of brilliance
 v - 2 potions of curing
 x - 2 potions of magic
 D - 2 potions of agility
 F - 6 potions of flight
 V - 7 potions of ambrosia
Books
 Y - a manual of Evocations
Comestibles
 g - 2 royal jellies
 h - 5 meat rations
 B - 8 beef jerkies
 I - 28 fruits
 X - 9 bread rations


   Skills:
 - Level 15.4(15.2) Fighting
   Level 2.6(18.6) Short Blades
 O Level 27(26.7) Long Blades
 * Level 22.1(21.9) Armour
 - Level 17.0(16.7) Shields
 - Level 9.1(8.9) Evocations


You had 24 spell levels left.
You didn't know any spells.

Dungeon Overview and Level Annotations

Branches:
Dungeon (15/15)            Temple (1/1) D:6            Lair (6/6) D:8
  Swamp (4/4) Lair:3       Spider (4/4) Lair:4        Slime (0/5) Lair:5
    Orc (2/2) D:11            Elf (2/3) Orc:2        Vaults (5/5) D:13
 Depths (2/5) D:15           Hell (1/1)                 Dis (0/7) Hell
    Geh (0/7) Hell            Coc (0/7) Hell            Tar (0/7) Hell
  Crypt: Vaults:2-3

Altars:
Ashenzari
Cheibriados
Dithmenos
Elyvilon
Fedhas
Gozag
Hepliaklqana
Kikubaaqudgha
Makhleb
Nemelex Xobeh
Okawaru
Qazlal
Ru
Sif Muna
Trog
Uskayaw
Vehumet
Xom
Yredelemnul
Zin
The Shining One

Shops:
D:8 :   D:10 [   D:13 (   D:14 *   Orc:1 *   Orc:2 (=[   Elf:1 :   Lair:6 =?}
Spider:3 *   Vaults:3 *   Depths:1 [%   Depths:2 ?

Portals:
Hell: Depths:1 Depths:2
Ziggurat: Depths:2

Annotations:
D:10 hydra
D:13 2 hydras
D:15 hydra
Elf:2 3 runed doors, eXcel's ghost, adept MiGl
Depths:2 6 runed doors


Innate Abilities, Weirdness & Mutations

You are under a permanent stasis effect.
You can dig through walls and to a lower floor.
Your four strong arms can wield two-handed weapons with a shield.
You have a pair of large antennae on your head. (SInv)
You are partially covered in yellow scales. (AC +2)
You are agile. (Dex +2)
You expend magic power (3 MP) to strengthen your wands.


Message History

Unknown command.
You chop the golden dragon into pieces!!!
The golden dragon is severely wounded.
The war gargoyle hits you but does no damage.
The golden dragon bites you!!
* * * LOW HITPOINT WARNING * * *
You block the golden dragon's attack. x2
Unknown command.
You carve the golden dragon like a ham!!!
The golden dragon is almost dead.
Your resistance to elements expires.
You hear a shout!
You block the war gargoyle's attack. The golden dragon bites you!!
* * * LOW HITPOINT WARNING * * *
The golden dragon claws you but does no damage.
The golden dragon tramples you but does no damage.
You hit the golden dragon.
The golden dragon is almost dead.
The golden dragon bites you!!!
You die...

.....{.{{.<<.......
#######.{{)O...####
##O{{{.........
##pp{#{{..#..##.
##OOp##.{..#..#
...#ODCp##{{..# ..#
#..{{pDpp#{...# ..#
##.{{##9D#....# ...
#...{ ##@# ..#
#...#. ### ...##.
..#


You could see a shadow dragon, an ironheart preserver, a golden dragon
(berserk), a storm dragon, a stone giant, a vault warden, 3 vault guards, an
ogre mage, a war gargoyle, a vault sentinel, an ironbrand convoker, a two-headed
ogre and 2 ogres.

Vanquished Creatures
  Mennas (Vaults:3)
  Geryon (Hell)
  2 golden dragons
  Arachne (Spider:4)
  2 liches
  Jorgrun (Spider:3)
  Rupert (D:15)
  A moon troll (WizLab)
  Asterion (Elf:2)
  2 quicksilver dragons (WizLab)
  Gastronok (Lair:1)
  A sphinx (Vaults:5)
  3 shadow dragons
  Kirke (Elf:1)
  3 thorn hunters
  2 tengu reavers
  5 tentacled starspawn (WizLab)
  A storm dragon (Depths:1)
  6 fire giants
  6 frost giants
  A balrug (Depths:1)
  A deep elf sorcerer (Elf:1)
  An orc warlord (Orc:2)
  8 vault wardens
  2 deep elf elementalists (Depths:1)
  A cacodemon (WizLab)
  6 ghost moths
  An iron dragon (Hell)
  8 ironheart preservers
  7 emperor scorpions
  5 reapers
  11 starcursed masses (WizLab)
  4 war gargoyles
  19 stone giants
  15 very ugly things
  2 entropy weavers
  4 spark wasps
  Snorg (D:11)
  14 ettins
  A minotaur (Lab)
  A crystal guardian (WizLab)
  A kraken zombie (Hell)
  Josephine (D:12)
  13 fire dragons
  3 jiangshi (Depths:1)
  A merfolk impaler (Depths:2)
  12 yaktaur captains
  15 slime creatures
  13 great orbs of eyes
  24 vault guards
  6 rakshasas
  A spriggan air mage (Depths:1)
  20 hydras
  11 ice dragons
  A ghost crab (Swamp:4)
  2 death knights
  15 alligators
  3 catoblepae
  10 ogre magi
  9 deep troll earth magi
  A queen ant (shapeshifter) (Vaults:4)
  A tengu warrior (D:15)
  10 deep troll shamans
  2 vampire magi (Depths:1)
  12 centaur warriors
  12 death yaks
  Urug (Lair:2)
  4 orc high priests (Orc:2)
  A death yak (shapeshifter) (Depths:1)
  9 soul eaters (Hell)
  2 iron golems (Hell)
  Nergalle (D:11)
  9 deep elf knights
  4 spriggan berserkers (Depths:1)
  A wretched star (Abyss:2)
  3 shadow wraiths
  4 sun demons
  2 fire crabs (Swamp:4)
  A salamander mystic (Depths:2)
  10 hell knights
  An orange crystal statue (WizLab)
  A sixfirhy (Abyss:2)
  6 iron trolls
  10 skeletal warriors
  4 flayed ghosts
  A spark wasp zombie (Depths:2)
  A death drake (shapeshifter) (D:15)
  32 deep trolls
  5 swamp dragons
  An anaconda zombie (Hell)
  5 unseen horrors
  9 glowing orange brains
  7 hill giants
  A spriggan druid (Swamp:3)
  9 deep elf archers
  14 orc knights
  4 wizards
  A lindwurm (Swamp:4)
  3 shambling mangroves
  9 necromancers
  A wolf spider zombie (Hell)
  5 harpies (Vaults:3)
  10 orb spiders
  7 ironbrand convokers
  3 manticores
  2 tengu skeletons
  56 deep elf magi
  53 ugly things
  A shadow dragon skeleton (Hell)
  3 cyclopes
  A fire giant zombie (Vaults:1)
  A stone giant zombie (Vaults:3)
  39 wolf spiders
  10 orc sorcerers
  A frost giant zombie (Hell)
  3 frost giant skeletons
  3 salamanders (Depths:2)
  A moth of wrath (Spider:4)
  2 fire giant skeletons
  6 black mambas
  13 elephants (Lair:6)
  Maurice (D:8)
  A torpor snail (Spider:3)
  7 vault sentinels
  4 rust devils
  The ghost of Xenophilius the Cudgeler, a novice HuFi of Okawaru (D:6)
  4 eyes of devastation (WizLab)
  A gargoyle (D:12)
  Joseph (D:8)
  A smoke demon (Hell)
  18 spiny frogs
  The ghost of fatfloppyjuicyveiny the Slasher, a novice FoFi of Okawaru (D:5)
  25 yaktaurs
  A rime drake (shapeshifter) (Vaults:3)
  A spriggan zombie (Depths:2)
  7 komodo dragons
  9 freezing wraiths
  6 demonic crawlers
  An efreet (Volcano)
  7 ice devils (Hell)
  A tormentor (Hell)
  A rime drake (Lair:6)
  2 red devils (Hell)
  35 jumping spiders
  10 trolls
  3 polar bears
  3 meliai
  4 tengu conjurers
  20 blink frogs
  A troll (shapeshifter) (Vaults:1)
  A hydra skeleton (Hell)
  17 two-headed ogres
  18 hornets
  4 tyrant leeches
  7 bog bodies
  A two-headed ogre (shapeshifter) (Vaults:3)
  2 alligator zombies (Hell)
  A fire giant simulacrum (Vaults:4)
  A shadow dragon simulacrum (Vaults:3)
  An ettin zombie (Vaults:3)
  7 hippogriffs
  2 shadows (Swamp:4)
  A stone giant simulacrum (Depths:2)
  3 spriggans
  5 air elementals
  73 redbacks
  33 tarantellas
  10 water elementals
  A wyvern (D:11)
  A vampire (D:13)
  8 wraiths
  A hog (shapeshifter) (Depths:2)
  A hog (Elf:1)
  A fire bat (shapeshifter) (Vaults:3)
  39 yaks
  4 basilisks
  4 steam dragons (Swamp:4)
  10 fire elementals
  A basilisk (shapeshifter) (Vaults:4)
  2 hungry ghosts
  24 vampire mosquitoes
  4 insubstantial wisps (Swamp:1)
  A spriggan simulacrum (Depths:2)
  2 neqoxecs (WizLab)
  A harpy simulacrum (Hell)
  21 swamp worms
  6 mottled dragons
  2 wargs
  A large abomination (Abyss:2)
  3 spiny frog zombies (Hell)
  A floating eye (Depths:2)
  4 porcupines
  5 hell hounds (Hell)
  44 orc warriors
  13 swamp drakes
  20 water moccasins
  A sky beast (D:7)
  A snapping turtle zombie (Hell)
  An alligator simulacrum (Hell)
  2 hornet zombies
  2 black bears
  10 ice beasts
  A necrophage (D:7)
  2 phantoms
  2 eyes of draining
  44 ogres
  6 boggarts
  A boggart (shapeshifter) (Depths:2)
  6 wolves (Lair:6)
  A crocodile (shapeshifter) (Vaults:4)
  A wolf (shapeshifter) (Depths:1)
  21 centaurs
  17 crocodiles
  A snapping turtle skeleton (Hell)
  4 big kobolds
  An elf zombie (Hell)
  A gnoll sergeant (D:11)
  11 bullfrogs
  2 yaktaur skeletons
  5 earth elementals
  4 human skeletons
  7 scorpions
  A troll zombie (Hell)
  28 killer bees
  10 wights
  2 electric eels
  3 howler monkeys
  3 bullfrog zombies
  10 crimson imps
  2 quasits
  6 jellies
  27 orc wizards
  7 centaur skeletons
  14 orc priests
  3 bullfrog skeletons
  Crazy Yiuf (D:3)
  5 hounds
  3 iron imps
  Jessica (D:3)
  Terence (D:3)
  8 iguanas
  10 worker ants
  A hound zombie (D:5)
  3 worker ant zombies
  10 adders
  13 gnolls
  7 shadow imps
  2 oozes (Lair:5)
  An adder zombie (D:7)
  An adder skeleton (D:9)
  6 worms
  10 dart slugs
  8 leopard geckos
  108 orcs
  A ball python (D:5)
  A bat zombie (D:6)
  5 giant cockroaches
  11 goblins
  3 hobgoblins (D:1)
  9 jackals
  2 quokkas
  5 bats
  5 frilled lizards
  A jackal skeleton (D:7)
  24 kobolds
  A leopard gecko skeleton (D:8)
  A quokka skeleton (D:5)
  9 rats
  2 rat zombies (D:6)
  7 starspawn tentacles (WizLab)
  2 tentacles (Hell)
1899 creatures vanquished.

Vanquished Creatures (collateral kills)
  A shadow dragon (Vaults:5)
  A deep elf mage (D:14)
2 creatures vanquished.

Vanquished Creatures (others)
  A hydra (Swamp:4)
  7 dancing weapons
  A swamp dragon (Swamp:4)
  A deep elf mage (Elf:1)
  3 humans (Elf:1)
  A steam dragon (Swamp:4)
  An ogre (D:15)
  An orc priest (D:15)
  An orc wizard (D:13)
  A quokka (D:9)
  3 briar patches (Swamp:2)
  2 demonic plants (WizLab)
  7 fungi
  10 starspawn tentacles (WizLab)
  8 tentacles (Hell)
48 creatures vanquished.

Grand Total: 1949 creatures vanquished

Notes
Turn   | Place    | Note
-------+----------+-------------------------------------------
     0 | D:1      | fatfloppyjuicyveiny the Formicid Fighter began the quest for the Orb.
     0 | D:1      | Reached XP level 1. HP: 18/18 MP: 1/1
   173 | D:1      | Reached XP level 2. HP: 24/24 MP: 2/2
   428 | D:1      | Reached skill level 3 in Long Blades
   523 | D:1      | Reached XP level 3. HP: 29/29 MP: 3/3
   883 | D:2      | Found a basalt altar of Yredelemnul.
  1035 | D:2      | Reached XP level 4. HP: 28/35 MP: 4/4
  1055 | D:2      | Reached skill level 4 in Long Blades
  1497 | D:2      | Found a deep blue altar of Sif Muna.
  1804 | D:3      | Reached XP level 5. HP: 36/41 MP: 5/5
  1907 | D:3      | Reached skill level 5 in Long Blades
  2365 | D:3      | Noticed Jessica
  2374 | D:3      | Killed Jessica
  2377 | D:3      | Gained mutation: Armour fits poorly on your strangely shaped body. [potion of mutation]
  2377 | D:3      | Gained mutation: You are partially covered in yellow scales. (AC +2) [potion of mutation]
  2377 | D:3      | Gained mutation: You possess an exceptional clarity of mind. [potion of mutation]
  2438 | D:3      | Found a sparkling altar of Nemelex Xobeh.
  2545 | D:3      | Noticed Terence
  2557 | D:3      | Killed Terence
  2557 | D:3      | Reached XP level 6. HP: 38/47 MP: 6/6
  2786 | D:3      | Found a runed door.
  2790 | D:3      | Noticed Crazy Yiuf
  2793 | D:3      | Killed Crazy Yiuf
  2793 | D:3      | Reached skill level 6 in Long Blades
  2875 | D:4      | Noticed an ogre
  2884 | D:4      | Killed an ogre
  3170 | D:4      | Found a hide-covered altar of Uskayaw.
  3185 | D:4      | Reached XP level 7. HP: 52/52 MP: 7/7
  3300 | D:4      | Reached skill level 7 in Long Blades
  3384 | D:4      | Found a sacrificial altar of Ru.
  3654 | D:5      | Entered Level 5 of the Dungeon
  3686 | D:5      | Found a shattered altar of Ashenzari.
  4126 | D:5      | Reached skill level 8 in Long Blades
  4189 | D:5      | Found an opulent altar of Gozag.
  4190 | D:5      | Noticed fatfloppyjuicyveiny's ghost (novice FoFi)
  4214 | D:5      | Killed fatfloppyjuicyveiny's ghost
  4214 | D:5      | Reached XP level 8. HP: 46/58 MP: 5/8
  4222 | D:5      | Became a worshipper of Gozag Ym Sagoz the Greedy
  4269 | D:5      | Found a shimmering altar of Xom.
  4269 | D:5      | Found a radiant altar of Vehumet.
  4660 | D:6      | Found an ancient bone altar of Kikubaaqudgha.
  4717 | D:6      | Noticed Xenophilius's ghost (novice HuFi)
  4985 | D:6      | Killed Xenophilius's ghost
  4985 | D:6      | Reached XP level 9. HP: 39/64 MP: 5/9
  5083 | D:6      | Reached skill level 1 in Short Blades
  5334 | D:6      | Found an opulent altar of Gozag.
  5481 | D:6      | Found a staircase to the Ecumenical Temple.
  5716 | D:7      | Reached skill level 9 in Long Blades
  6095 | D:6      | Reached skill level 10 in Long Blades
  6443 | D:7      | Reached XP level 10. HP: 62/70 MP: 10/10
  6620 | D:7      | Got a warped ring mail
  6631 | D:7      | Identified the +9 ring mail of the Abyss {rC+ rN+ MR-} (You found it on level 7 of the Dungeon)
  6827 | D:7      | Reached skill level 11 in Long Blades
  7667 | D:8      | Noticed a cyclops
  7687 | D:7      | Reached skill level 12 in Long Blades
  7892 | D:8      | Killed a cyclops
  7973 | D:8      | Found Nudgh's Book Shoppe.
  8103 | D:8      | Noticed Maurice
  8136 | D:8      | Killed Maurice
  8156 | D:8      | Reached skill level 13 in Long Blades
  8470 | D:8      | Reached XP level 11. HP: 75/75 MP: 11/11
  8487 | D:8      | Found a staircase to the Lair.
  8574 | D:8      | Found a shadowy altar of Dithmenos.
  8575 | D:8      | Noticed Joseph
  8602 | D:8      | Killed Joseph
  8984 | D:9      | Found a burning altar of Makhleb.
  9236 | D:9      | Reached skill level 14 in Long Blades
  9324 | D:9      | Found a white marble altar of Elyvilon.
  9712 | D:10     | Entered Level 10 of the Dungeon
 10021 | D:10     | Noticed a hill giant
 10045 | D:10     | Killed a hill giant
 10552 | D:10     | Noticed an unseen horror
 10590 | D:10     | Killed an unseen horror
 11220 | D:11     | Noticed Nergalle
 11249 | D:11     | Killed Nergalle
 11249 | D:11     | Reached skill level 15 in Long Blades
 11358 | D:11     | Noticed a white ugly thing
 11383 | D:11     | Killed a white ugly thing
 11650 | D:11     | Noticed a red ugly thing
 11770 | D:10     | Killed a red ugly thing
 11770 | D:10     | Reached XP level 12. HP: 61/81 MP: 12/12
 11997 | D:11     | Noticed a five-headed hydra
 12073 | Lair:1   | Entered Level 1 of the Lair of Beasts
 12500 | Lair:1   | Reached skill level 16 in Long Blades
 12603 | Lair:1   | Noticed Gastronok
 12630 | Lair:1   | Killed Gastronok
 13170 | Lair:2   | Noticed Sonja
 13190 | Lair:2   | Noticed Sonja
 13190 | Lair:2   | Sonja changed into Sonja the troll
 13205 | Lair:2   | Killed Sonja the troll
 13338 | Lair:2   | Reached skill level 17 in Long Blades
 13345 | Lair:2   | Noticed Urug
 13362 | Lair:2   | Killed Urug
 13649 | Lair:2   | Gained mutation: You are frail. (-10% HP) [potion of mutation]
 13649 | Lair:2   | Gained mutation: You have very sharp teeth. [potion of mutation]
 13649 | Lair:2   | Gained mutation: Scrolls take you a little longer to read. [potion of mutation]
 13973 | Lair:3   | Lost mutation: Scrolls take you a little longer to read. [potion of cure mutation]
 13973 | Lair:3   | Lost mutation: Armour fits poorly on your strangely shaped body. [potion of cure mutation]
 13973 | Lair:3   | Lost mutation: You are frail. (-10% HP) [potion of cure mutation]
 13973 | Lair:3   | Lost mutation: You have very sharp teeth. [potion of cure mutation]
 13982 | Lair:3   | Gained mutation: Your body sometimes deteriorates upon taking damage. [potion of mutation]
 13982 | Lair:3   | Gained mutation: Your system is resistant to poisons. (rPois) [potion of mutation]
 13982 | Lair:3   | Gained mutation: You expend magic power (3 MP) to strengthen your wands. [potion of mutation]
 14053 | Lair:3   | Reached XP level 13. HP: 81/86 MP: 11/13
 14307 | Lair:3   | Reached skill level 18 in Long Blades
 14617 | Lair:3   | Noticed an eight-headed hydra
 15083 | D:11     | Found a staircase to the Orcish Mines.
 15185 | D:11     | Found a portal to a secret trove of treasure.
 15679 | D:10     | Bought bloodstained gold dragon scales for 2125 gold pieces
 15691 | D:10     | Identified the +13 gold dragon scales of Happy Babbling {rPois rF+ rC+ rN++} (You bought it in a shop on level 10 of the Dungeon)
 16096 | D:12     | Reached skill level 19 in Long Blades
 16212 | D:12     | Noticed Josephine
 16229 | D:12     | Killed Josephine
 16800 | D:12     | Found an opulent altar of Gozag.
 17468 | D:13     | Reached XP level 14. HP: 76/93 MP: 12/14
 17850 | D:13     | Found a gate to the Vaults.
 17992 | D:13     | Reached skill level 20 in Long Blades
 18951 | D:13     | Bought a +4 long sword of holy wrath for 311 gold pieces
 19010 | D:13     | Found a shimmering altar of Xom.
 19013 | D:13     | Found a white marble altar of Elyvilon.
 19013 | D:13     | Found a shimmering altar of Xom.
 19015 | D:13     | Found a hazy altar of Hepliaklqana.
 19015 | D:13     | Found an iron altar of Okawaru.
 19015 | D:13     | Found a burning altar of Makhleb.
 19146 | D:14     | Reached skill level 5 in Armour
 19534 | D:14     | Found Yfauc's Changing Room.
 19722 | D:14     | Gained mutation: Armour fits poorly on your strangely shaped body. [mutagenic glow]
 19759 | D:14     | Gained mutation: You are dopey. (Int -2) [mutagenic glow]
 19783 | D:14     | Gained mutation: You occasionally shout uncontrollably at your foes. [mutagenic glow]
 19899 | D:14     | Gained mutation: You are very dopey. (Int -4) [mutagenic glow]
 19925 | D:14     | Gained mutation: You are weak. (Str -2) [mutagenic glow]
 19979 | D:14     | Gained mutation: Scrolls take you a little longer to read. [mutagenic glow]
 20042 | D:14     | Gained mutation: You are clumsy. (Dex -2) [mutagenic glow]
 20300 | D:14     | Bought a potion of cure mutation for 375 gold pieces
 20300 | D:14     | Lost mutation: Scrolls take you a little longer to read. [potion of cure mutation]
 20300 | D:14     | Lost mutation: You are very dopey. (Int -4) [potion of cure mutation]
 20300 | D:14     | Lost mutation: Your system is resistant to poisons. (rPois) [potion of cure mutation]
 20300 | D:14     | Lost mutation: You are dopey. (Int -2) [potion of cure mutation]
 20654 | D:15     | Entered Level 15 of the Dungeon
 21078 | D:14     | Reached skill level 10 in Armour
 21452 | Orc:1    | Entered Level 1 of the Orcish Mines
 21638 | Orc:1    | Noticed Snorg
 21754 | D:11     | Killed Snorg
 21754 | D:11     | Reached XP level 15. HP: 65/98 MP: 10/15
 22078 | Orc:2    | Entered Level 2 of the Orcish Mines
 22078 | Orc:2    | Found a staircase to the Elven Halls.
 22528 | Orc:2    | Reached skill level 5 in Fighting
 23259 | Orc:2    | Noticed an orc warlord
 23484 | Orc:2    | Killed an orc warlord
 23747 | Orc:2    | Found Vagec's Antique Armour Shoppe.
 23748 | Orc:2    | Found Kimoeb's Antique Weapon Emporium.
 23753 | Orc:2    | Found Jaumycee's General Store.
 23753 | Orc:2    | Found Pebb's Jewellery Shoppe.
 23759 | Orc:2    | Bought a steaming great sword for 414 gold pieces
 23759 | Orc:2    | Identified the +8 great sword of Yfutyr {pain, Dex+10 SInv} (You bought it in a shop on level 2 of the Orcish Mines)
 24160 | Orc:2    | Lost mutation: You are weak. (Str -2) [potion of cure mutation]
 24160 | Orc:2    | Lost mutation: Armour fits poorly on your strangely shaped body. [potion of cure mutation]
 24160 | Orc:2    | Lost mutation: You are clumsy. (Dex -2) [potion of cure mutation]
 24171 | Elf:1    | Entered Level 1 of the Elven Halls
 24176 | Elf:1    | Reached skill level 10 in Fighting
 24332 | Elf:1    | Noticed Kirke
 24341 | Elf:1    | Killed Kirke
 24732 | Elf:1    | Noticed a deep elf sorcerer
 24734 | Elf:1    | Cast into level 2 of the Abyss (a deep elf sorcerer)
 24892 | Abyss:2  | Reached XP level 16. HP: 85/127 MP: 13/16
 24916 | Elf:1    | Escaped the Abyss
 24929 | Elf:1    | Killed a deep elf sorcerer
 25213 | Elf:1    | Found Olineor's Book Boutique.
 25715 | Elf:2    | Noticed Asterion
 25735 | Elf:2    | Killed Asterion
 25990 | Elf:2    | Noticed eXcel's ghost (adept MiGl)
 26835 | Elf:2    | Reached skill level 15 in Fighting
 26860 | Elf:2    | Found a runed gate.
 26860 | Elf:2    | Found a runed gate.
 26860 | Elf:2    | Found a runed gate.
 27576 | Lair:3   | Found a staircase to the Swamp.
 27951 | Lair:4   | Found a labyrinth entrance.
 27962 | Lab      | Entered a labyrinth
 28361 | Lair:4   | Identified a +3 rod of inaccuracy (9/9) (You took it off a minotaur in a labyrinth)
 28371 | Lair:4   | Found a hole to the Spider Nest.
 28463 | Lair:4   | Lost mutation: You possess an exceptional clarity of mind. [potion of cure mutation]
 28463 | Lair:4   | Lost mutation: Your body sometimes deteriorates upon taking damage. [potion of cure mutation]
 28463 | Lair:4   | Lost mutation: You expend magic power (3 MP) to strengthen your wands. [potion of cure mutation]
 28463 | Lair:4   | Lost mutation: You occasionally shout uncontrollably at your foes. [potion of cure mutation]
 29146 | Lair:5   | Reached XP level 17. HP: 142/142 MP: 17/17
 29357 | Lair:5   | Found a staircase to the Slime Pits.
 29981 | Lair:6   | Entered Level 6 of the Lair of Beasts
 30011 | Lair:6   | Reached skill level 21 in Long Blades
 30114 | Lair:6   | Found a dark tunnel.
 30121 | Volcano  | Entered a volcano
 31085 | Lair:6   | Identified a scroll of acquirement
 31093 | Lair:6   | Got an ichor-stained scale mail
 31104 | Lair:6   | Identified the +1 scale mail "Puwkituu" {Int+4} (You found it on level 6 of the Lair of Beasts)
 31122 | Lair:6   | Bought a scroll of fog for 40 gold pieces
 31122 | Lair:6   | Bought a scroll of fear for 70 gold pieces
 31494 | Spider:1 | Entered Level 1 of the Spider Nest
 31661 | Spider:1 | Reached skill level 22 in Long Blades
 31925 | Spider:1 | Got a clouded silver ring
 31927 | Spider:1 | Identified the ring of the Cicada {rPois rF+ Int+6 SInv} (You found it on level 1 of the Spider Nest)
 32655 | Spider:1 | Reached XP level 18. HP: 140/149 MP: 18/18
 32752 | Swamp:1  | Entered Level 1 of the Swamp
 35004 | Swamp:3  | Reached skill level 23 in Long Blades
 35694 | Swamp:4  | Entered Level 4 of the Swamp
 35794 | Swamp:3  | HP: 7/149 [three-headed hydra (9)]
 36637 | Swamp:4  | Got a decaying rune of Zot
 37200 | Swamp:4  | Reached XP level 19. HP: 151/155 MP: 19/19
 37517 | Spider:2 | Reached skill level 24 in Long Blades
 37642 | Spider:3 | Noticed Jorgrun
 37658 | Spider:3 | Killed Jorgrun
 38007 | Spider:4 | Entered Level 4 of the Spider Nest
 38230 | Spider:3 | Bought a scroll of silence for 157 gold pieces
 39713 | Spider:4 | Noticed Arachne
 39797 | Spider:4 | Killed Arachne
 39797 | Spider:4 | Reached skill level 25 in Long Blades
 40704 | Spider:4 | Got a gossamer rune of Zot
 40750 | Spider:4 | Reached XP level 20. HP: 159/163 MP: 18/20
 41215 | D:8      | Bought a Grand Grimoire for 1324 gold pieces
 41836 | D:15     | Noticed Rupert
 41846 | D:15     | Killed Rupert
 42202 | D:15     | Found a staircase to the Depths.
 42591 | D:15     | Reached skill level 26 in Long Blades
 42616 | Depths:1 | Entered Level 1 of the Depths
 43752 | Depths:1 | Noticed a golden dragon
 43773 | Depths:1 | Killed a golden dragon
 44237 | Depths:1 | Reached XP level 21. HP: 148/169 MP: 19/21
 44628 | Depths:1 | Reached skill level 27 in Long Blades
 46246 | Depths:1 | Found a gateway to Hell.
 46265 | Depths:1 | Got a slimy chain mail
 46266 | Depths:1 | Identified the +4 chain mail of the Voivode {rN+} (You found it on level 1 of the Depths)
 46271 | Hell     | Entered the Vestibule of Hell
 46271 | Hell     | Noticed Geryon
 46886 | Hell     | Reached skill level 15 in Armour
 46904 | Hell     | Killed Geryon
 47296 | Hell     | Reached XP level 22. HP: 165/176 MP: 18/22
 47299 | Hell     | Found a gateway to the decaying netherworld of Tartarus.
 47488 | Hell     | Found a gateway to the freezing wastes of Cocytus.
 47674 | Hell     | Reached skill level 10 in Shields
 47874 | Hell     | Found a gateway to the Iron City of Dis.
 47933 | Hell     | Found a gateway to the ashen valley of Gehenna.
 48129 | Depths:2 | Found a gateway to a ziggurat.
 48408 | Depths:2 | Found Mutac's Magic Scroll Boutique.
 48416 | Depths:2 | Bought a scroll of noise for 12 gold pieces
 48416 | Depths:2 | Bought a scroll of noise for 12 gold pieces
 48439 | Depths:2 | Found a magical portal.
 48443 | WizLab   | Entered Lehudib's Moon Base
 49543 | WizLab   | Reached skill level 1 in Evocations
 49594 | WizLab   | Reached skill level 5 in Evocations
 49664 | WizLab   | HP: 2/176 [acid (10)]
 50088 | WizLab   | Gained mutation: You have large cloven feet. [potion of mutation]
 50088 | WizLab   | Gained mutation: You expend magic power (3 MP) to strengthen your wands. [potion of mutation]
 50089 | WizLab   | Gained mutation: You regenerate slowly when monsters are visible. [potion of mutation]
 50089 | WizLab   | Gained mutation: Your spells are a little harder to cast, but a little more powerful. [potion of mutation]
 50092 | WizLab   | Got a translucent brass ring
 50094 | WizLab   | Identified the cursed ring "Seall" {rPois Int-3} (You found it in a wizard's laboratory)
 50134 | WizLab   | Identified Lehudib's Collected Works on the Rocks and Confrontation
 50332 | WizLab   | Lost mutation: Your spells are a little harder to cast, but a little more powerful. [a neqoxec]
 50391 | WizLab   | Reached XP level 23. HP: 168/182 MP: 26/29
 51683 | Depths:1 | Bought a meat ration for 70 gold pieces
 51683 | Depths:1 | Bought a beef jerky for 21 gold pieces
 51683 | Depths:1 | Bought a bread ration for 70 gold pieces
 51683 | Depths:1 | Bought a meat ration for 70 gold pieces
 51683 | Depths:1 | Bought a bread ration for 70 gold pieces
 51683 | Depths:1 | Bought a meat ration for 70 gold pieces
 51683 | Depths:1 | Bought a bread ration for 70 gold pieces
 51683 | Depths:1 | Bought a bread ration for 70 gold pieces
 51683 | Depths:1 | Bought a bread ration for 70 gold pieces
 51683 | Depths:1 | Bought a meat ration for 70 gold pieces
 51683 | Depths:1 | Bought a meat ration for 70 gold pieces
 51683 | Depths:1 | Bought a bread ration for 70 gold pieces
 51683 | Depths:1 | Bought a meat ration for 70 gold pieces
 51683 | Depths:1 | Bought a bread ration for 70 gold pieces
 52083 | Depths:2 | Found a runed gate.
 52083 | Depths:2 | Found a runed gate.
 52083 | Depths:2 | Found a runed gate.
 52091 | Depths:2 | Noticed a juggernaut
 52092 | Depths:2 | Noticed a caustic shrike
 52094 | Depths:2 | Noticed a golden dragon
 52883 | Depths:2 | Found a runed gate.
 52883 | Depths:2 | Found a runed gate.
 52883 | Depths:2 | Found a runed gate.
 53639 | Vaults:1 | Entered Level 1 of the Vaults
 54519 | Vaults:3 | Reached XP level 24. HP: 189/189 MP: 29/29
 54681 | Vaults:3 | HP: 4/189 [lich/crystal spear (59)]
 54985 | Vaults:3 | Identified the Catalogue of the Frigorific Blaze
 55338 | Vaults:3 | Noticed Mennas
 55374 | Vaults:3 | Killed Mennas
 55470 | Vaults:3 | Found Yliog's Assorted Antiques.
 55478 | Vaults:3 | Bought a potion of curing for 102 gold pieces
 55908 | Vaults:1 | Reached skill level 15 in Shields
 56104 | Vaults:4 | Lost mutation: You regenerate slowly when monsters are visible. [potion of mutation]
 56104 | Vaults:4 | Gained mutation: You are agile. (Dex +2) [potion of mutation]
 56104 | Vaults:4 | Lost mutation: You have large cloven feet. [potion of mutation]
 57403 | Vaults:4 | Found a portal to a secret trove of treasure.
 57708 | D:10     | Bought shiny ice dragon scales for 1650 gold pieces
 57940 | Vaults:4 | You paid a toll of +5 ice dragon scales to enter a treasure trove
 57941 | Trove    | Entered a treasure trove
 57981 | Trove    | Identified the ring "Gamakh" {-Tele rF+ rC+ Int+3} (You found it in a treasure trove)
 57985 | Trove    | Identified the +0 pair of gloves "Doneukluyt" {+Blink Regen+} (You found it in a treasure trove)
 58492 | Vaults:4 | Reached XP level 25. HP: 112/195 MP: 29/29
 58818 | Temple   | Entered the Ecumenical Temple
 58844 | Temple   | Fell from the grace of Gozag
 58844 | Temple   | Became a worshipper of the Shining One
 59434 | Vaults:5 | Entered Level 5 of the Vaults
 59434 | Vaults:5 | Reached * piety under the Shining One
 59918 | Vaults:5 | HP: 9/195 [sphinx (13)]
 59950 | Vaults:5 | Slain by a golden dragon

Skill      XL: |  1  2  3  4  5  6  7  8  9 10 11 12 13 14 15 16 17 18 19 20 21 22 23 24 25 |
---------------+----------------------------------------------------------------------------+-----
Long Blades    | 3 4 5 6 8 10 13 15 17 19 20 22 23 25 26 27 | 27.0
Shields        | 4 6 9 14 17 | 17.0
Short Blades   | 2 |  2.6
Armour         | 10 11 15 16 19 20 22 | 22.1
Fighting       | 11 15 | 15.4
Evocations     | 8 9 |  9.1

Action                   |  1- 3 |  4- 6 |  7- 9 | 10-12 | 13-15 | 16-18 | 19-21 | 22-24 | 25-27 || total
-------------------------+-------+-------+-------+-------+-------+-------+-------+-------+-------++-------
Melee: Long sword        |    85 |   146 |   275 |   228 |   263 |    64 |    34 |    16 |       ||  1111
       Short sword       |       |       |    16 |       |       |       |       |       |       ||    16
       Scimitar          |       |       |    88 |   671 |       |   104 |    31 |       |       ||   894
       Great sword       |       |       |    19 |    30 |  1488 |  1368 |  1619 |  1861 |    29 ||  6414
       Falchion          |       |       |       |    65 |       |       |       |       |       ||    65
       Triple sword      |       |       |       |       |       |       |       |       |   253 ||   253
Throw: Javelin           |       |       |       |     9 |       |    12 |     7 |       |       ||    28
Invok: Potion Petition   |       |       |       |     2 |       |     1 |     3 |     3 |       ||     9
       Call Merchant     |       |       |       |     1 |     2 |     3 |     2 |     1 |       ||     9
 Abil: Dig               |       |       |       |     1 |     8 |     8 |    13 |    11 |       ||    41
Evoke: Wand              |       |       |       |     1 |    14 |     4 |     9 |     2 |     1 ||    31
       Rod               |       |       |       |       |       |     2 |       |       |       ||     2
  Use: Scroll            |     2 |     3 |     7 |     4 |     2 |    11 |     5 |    19 |     2 ||    55
       Potion            |       |     5 |     4 |     8 |     8 |     5 |     7 |     7 |     4 ||    48
 Stab: Distracted        |       |       |       |     5 |     5 |    15 |    17 |    26 |       ||    68
       Invisible         |       |       |       |     2 |       |     2 |       |     2 |       ||     6
  Eat: Chunk             |       |     3 |     3 |       |       |       |       |       |       ||     6
       Bread ration      |       |     1 |     2 |     6 |     7 |       |     2 |     3 |       ||    21
       Meat ration       |       |       |       |       |     5 |     8 |     3 |     4 |     1 ||    21
       Beef jerky        |       |       |       |       |       |     1 |     5 |       |     1 ||     7
       Pizza             |       |       |       |       |       |       |     3 |       |       ||     3
       Fruit             |       |       |       |       |       |       |     2 |       |       ||     2
       Royal jelly       |       |       |       |       |       |       |       |     1 |       ||     1
Armor: Scale mail        |    43 |    43 |   105 |     1 |       |       |       |       |       ||   192
       Ring mail         |       |       |       |   224 |    51 |       |       |       |       ||   275
       Gold dragon scale |       |       |       |       |   541 |   946 |  1154 |   841 |   345 ||  3827
Dodge: Dodged            |    24 |    32 |   139 |   393 |   419 |   434 |   472 |   323 |   119 ||  2355
Block: Shield            |    41 |    61 |   209 |   584 |   789 |  1012 |  1255 |  1000 |       ||  4951
       Large shield      |       |       |       |       |       |       |       |   156 |   511 ||   667
       Rpst.: Long sword |    11 |     8 |    25 |    21 |    25 |     6 |       |       |       ||    96
       Scimitar          |       |       |    14 |    82 |       |     6 |     2 |       |       ||   104
       Falchion          |       |       |       |     7 |       |       |       |       |       ||     7
       Great sword       |       |       |       |     2 |    88 |    69 |    94 |    63 |       ||   316
       Triple sword      |       |       |       |       |       |       |       |       |    17 ||    17
